 Dungeon Crawl Stone Soup version 0.22-a0-268-g1cc83ef (webtiles) character file.

572 tidbits the Insei (level 7, -1/52 HPs)
             Began as a Gnoll Transmuter on Mar 9, 2018.
             Slain by a wight
             ... wielding a +4 short sword
              (12 damage)
             ... on level 7 of the Dungeon.
             The game lasted 00:07:00 (1136 turns).

tidbits the Insei (Gnoll Transmuter)                Turns: 1136, Time: 00:07:01

Health: -1/52      AC:  2    Str: 12    XL:     7   Next: 34%
Magic:  13/15      EV: 15    Int: 17    God:
Gold:   165        SH:  0    Dex: 16    Spells: 11/17 levels left

rFire    . . .     SeeInvis .   e - +0 dagger
rCold    . . .     Gourm    .   (no shield)
rNeg     . . .     Faith    .   b - +0 robe
rPois    +         Spirit   .   (no helmet)
rElec    .         Reflect  .   (no cloak)
rCorr    .         Harm     .   (no gloves)
MR       .....                  (no boots)
Stlth    +++.......             (no amulet)
HPRegen  0.17/turn              P - ring of poison resistance
MPRegen  0.14/turn              o - ring of stealth

@: drained
A: distributed training, fangs 1, strong nose
a: no special abilities


You were on level 7 of the Dungeon.
You were near starving.

You visited 1 branch of the dungeon, and saw 7 of its levels.

You collected 165 gold pieces.

Inventory:

Hand Weapons
 e - a +0 dagger (weapon)
 f - a +0 dagger
Missiles
 a - 22 arrows
 c - 68 stones (quivered)
 j - 2 throwing nets {!f}
Armour
 b - a +0 robe (worn)
Magical Staves
 p - an uncursed staff of death {unknown}
   (You found it on level 6 of the Dungeon)
Jewellery
 o - a ring of stealth (right hand)
   (You found it on level 5 of the Dungeon)
 P - a ring of poison resistance (left hand)
   (You found it on level 4 of the Dungeon)
Wands
 i - a wand of iceblast (8)
Scrolls
 h - a scroll of blinking
 l - a scroll of enchant weapon
 t - 5 scrolls of teleportation
Potions
 g - a potion of curing
 k - a potion of flight {unknown}
 m - a potion of agility {unknown}
 n - a potion of might {unknown}
 q - a potion of lignification
Comestibles
 d - 6 rations


   Skills:
 + Level 3.5(2.9) Fighting
 + Level 2.3(1.8) Short Blades
 + Level 2.3(1.8) Long Blades
 + Level 2.3(1.8) Axes
 + Level 2.3(1.8) Maces & Flails
 + Level 2.3(1.8) Polearms
 + Level 2.3(1.8) Staves
 + Level 2.3(1.8) Slings
 + Level 2.3(1.8) Bows
 + Level 2.3(1.8) Crossbows
 + Level 2.3(1.8) Throwing
 + Level 2.3(1.8) Armour
 + Level 5.2(4.6) Dodging
 + Level 2.3(1.8) Stealth
 + Level 2.3(1.8) Shields
 + Level 7.0(6.4) Unarmed Combat
 + Level 5.5(4.9) Spellcasting
 + Level 1.9(1.4) Conjurations
 + Level 1.9(1.4) Hexes
 + Level 1.9(1.4) Charms
 + Level 1.9(1.4) Summonings
 + Level 1.9(1.4) Necromancy
 + Level 1.9(1.4) Translocations
 + Level 4.3(3.7) Transmutations
 + Level 1.9(1.4) Fire Magic
 + Level 1.9(1.4) Ice Magic
 + Level 1.9(1.4) Air Magic
 + Level 1.9(1.4) Earth Magic
 + Level 1.9(1.4) Poison Magic
 + Level 2.6(2.1) Invocations
 + Level 2.3(1.8) Evocations


You had 11 spell levels left.
You knew the following spells:

 Your Spells              Type           Power        Failure   Level  Hunger
e - Beastly Appendage     Tmut           ###...       3%          1    None
k - Sticks to Snakes      Tmut           ###.....     4%          2    #......
p - Spider Form           Tmut/Pois      ##........   16%         3    ###....


Dungeon Overview and Level Annotations

Branches:
Dungeon (7/15)
 Temple: D:4-7

Altars:
Elyvilon
Hepliaklqana

Annotations:
D:5 Menkaure
D:6 2 transporters


Innate Abilities, Weirdness & Mutations

Your experience applies equally to all skills.
You have very sharp teeth.
Your uncanny sense of smell can sniff out nearby items.


Message History

Your surroundings suddenly seem different.
A sky beast comes into view.
Wield which item (- for none, * to show all)? (? for menu, Esc to quit)
e - a +0 dagger (weapon)
The helpless sky beast fails to defend itself.
You puncture the sky beast! Your bite misses the sky beast.
The sky beast is heavily wounded.
The sky beast hits you. The sky beast shocks you.
Casting: Spider Form (safe; 12% risk of failure)
Confirm with . or Enter, or press ? or * to list all spells.
You turn into a venomous arachnid creature.
Your +0 dagger melds into your body.
Your +0 robe melds into your body.
You are near starving!
The sky beast flickers out of sight!
Something completely misses you.
You hit something but do no damage.
A sky beast appears from thin air!
The sky beast completely misses you.
You hit the sky beast.
The sky beast looks as sick as possible!
The sky beast is severely wounded.
The sky beast barely misses you.
You closely miss the sky beast.
The sky beast is almost dead.
The sky beast completely misses you.
You hit the sky beast.
You kill the sky beast!
You have reached level 7!
You open the door.
A wight comes into view. It is wielding an enchanted spear.
There is an open door here.
The wight barely misses you.
You barely miss the wight. The wight misses you.
You hit the wight.
The wight is lightly damaged.
The wight closely misses you.
You barely miss the wight.
The wight is lightly damaged.
The wight misses you.
You bite the wight!
The wight is heavily damaged.
You hit the wight.
The wight is severely damaged.
The wight hits you with an enchanted spear.
You feel drained.
You hit the wight.
The wight is almost destroyed.
The wight completely misses you.
You hit the wight.
You destroy the wight!
Your base Unarmed Combat skill increases to level 7! 2 wights come into view.
Found a ration.
Things that are here:
an enchanted spear; a robe Your transformation is almost over.
Unknown command.
You barely miss the wight. The wight hits you with a hand axe!
Casting: Spider Form (safe; 28% risk of failure)
Confirm with . or Enter, or press ? or * to list all spells.
You create a snake!
You now have 22 arrows.
The wight hits you with a hand axe.
You feel drained.
The wight barely misses your ball python.
You bite the wight!
The wight is heavily damaged.
The wight misses you. The wight hits you with a hand axe!
* * * LOW HITPOINT WARNING * * *
The wight hits your ball python with a hand axe.
Your ball python dies!
You hit the wight but do no damage.
The wight is heavily damaged.
The wight closely misses you.
You bite the wight!
The wight is almost destroyed.
The wight barely misses you. The wight completely misses you.
You closely miss the wight.
The wight is almost destroyed.
The wight hits you with a hand axe!
* * * LOW HITPOINT WARNING * * *
You feel drained.
* * * LOW HITPOINT WARNING * * *
The wight barely misses you.
You hit the wight.
You destroy the wight!
You hit the wight.
The wight is moderately damaged.
The wight completely misses you.
You hit the wight.
The wight is heavily damaged.
Your transformation has ended.
Your +0 dagger unmelds from your body.
Your +0 robe unmelds from your body.
The wight closely misses you.
You hit the wight but do no damage.
The wight is heavily damaged.
The wight closely misses you.
You hit the wight but do no damage.
The wight is heavily damaged.
The wight barely misses you.
You closely miss the wight. Your bite misses the wight.
The wight is heavily damaged.
The wight hits you with an enchanted short sword!
You die...

##+# # ##...## .#
##.....## .#
.#.......## #.##
..........####...####
..........'.)........
..........###@)..##.
#.......## #z#.##
##...†.## #.# .#
##...## #.# # ##+#
#%. ###


You could see a wight.

Vanquished Creatures
  A sky beast (D:7)
  A centaur (D:5)
  A big kobold (D:5)
  2 wights (D:7)
  2 howler monkeys
  A hound (D:5)
  2 centaur skeletons
  3 gnolls (D:3)
  2 adders
  A shadow imp (D:6)
  A dart slug (D:1)
  A leopard gecko (D:5)
  10 orcs (D:3)
  A bat (D:1)
  A giant cockroach (D:2)
  2 goblins
  2 hobgoblins (D:1)
  4 kobolds (D:5)
  A leopard gecko skeleton (D:5)
  2 rats
41 creatures vanquished.

Vanquished Creatures (others)
  8 toadstools (D:3)
8 creatures vanquished.

Grand Total: 49 creatures vanquished

Notes
Turn   | Place    | Note
-------+----------+-------------------------------------------
     0 | D:1      | tidbits the Gnoll Transmuter began the quest for the Orb.
     0 | D:1      | Reached XP level 1. HP: 17/17 MP: 6/6
   127 | D:1      | Reached XP level 2. HP: 23/23 MP: 5/7
   154 | D:1      | Learned a level 2 spell: Sticks to Snakes
   441 | D:3      | Reached XP level 3. HP: 15/28 MP: 5/9
   446 | D:3      | Learned a level 3 spell: Spider Form
   557 | D:3      | Reached skill level 5 in Spellcasting
   616 | D:3      | Reached skill level 1 in Invocations
   620 | D:3      | Reached skill level 1 in Short Blades
   620 | D:3      | Reached skill level 1 in Long Blades
   620 | D:3      | Reached skill level 1 in Axes
   620 | D:3      | Reached skill level 1 in Maces & Flails
   620 | D:3      | Reached skill level 1 in Polearms
   620 | D:3      | Reached skill level 1 in Staves
   620 | D:3      | Reached skill level 1 in Slings
   620 | D:3      | Reached skill level 1 in Bows
   620 | D:3      | Reached skill level 1 in Crossbows
   620 | D:3      | Reached skill level 1 in Throwing
   620 | D:3      | Reached skill level 1 in Armour
   620 | D:3      | Reached skill level 1 in Stealth
   620 | D:3      | Reached skill level 1 in Shields
   620 | D:3      | Reached skill level 1 in Evocations
   624 | D:3      | Reached XP level 4. HP: 29/34 MP: 8/11
   671 | D:5      | Entered Level 5 of the Dungeon
   813 | D:5      | Reached skill level 1 in Conjurations
   813 | D:5      | Reached skill level 1 in Hexes
   813 | D:5      | Reached skill level 1 in Charms
   813 | D:5      | Reached skill level 1 in Summonings
   813 | D:5      | Reached skill level 1 in Necromancy
   813 | D:5      | Reached skill level 1 in Translocations
   813 | D:5      | Reached skill level 1 in Fire Magic
   813 | D:5      | Reached skill level 1 in Ice Magic
   813 | D:5      | Reached skill level 1 in Air Magic
   813 | D:5      | Reached skill level 1 in Earth Magic
   813 | D:5      | Reached skill level 1 in Poison Magic
   813 | D:5      | Reached XP level 5. HP: 33/40 MP: 8/12
   847 | D:5      | Noticed a centaur
   857 | D:5      | Killed a centaur
   857 | D:5      | Reached skill level 3 in Fighting
   857 | D:5      | Reached skill level 4 in Transmutations
   868 | D:5      | Noticed a big kobold
   884 | D:5      | Killed a big kobold
   884 | D:5      | Reached skill level 2 in Invocations
   884 | D:5      | Reached XP level 6. HP: 21/47 MP: 5/13
   907 | D:5      | Noticed Menkaure
   930 | D:6      | Noticed a moth of wrath
   963 | D:6      | Found a white marble altar of Elyvilon.
  1003 | D:6      | Reached skill level 5 in Dodging
  1005 | D:6      | Noticed a soldier ant
  1005 | D:6      | Noticed a sky beast
  1005 | D:6      | Found a transporter.
  1005 | D:6      | Found a hazy altar of Hepliaklqana.
  1021 | D:6      | Found a transporter.
  1056 | D:7      | Reached skill level 2 in Short Blades
  1056 | D:7      | Reached skill level 2 in Long Blades
  1056 | D:7      | Reached skill level 2 in Axes
  1056 | D:7      | Reached skill level 2 in Maces & Flails
  1056 | D:7      | Reached skill level 2 in Polearms
  1056 | D:7      | Reached skill level 2 in Staves
  1056 | D:7      | Reached skill level 2 in Slings
  1056 | D:7      | Reached skill level 2 in Bows
  1056 | D:7      | Reached skill level 2 in Crossbows
  1056 | D:7      | Reached skill level 2 in Throwing
  1056 | D:7      | Reached skill level 2 in Armour
  1056 | D:7      | Reached skill level 2 in Stealth
  1056 | D:7      | Reached skill level 2 in Shields
  1056 | D:7      | Reached skill level 2 in Evocations
  1103 | D:7      | Noticed a sky beast
  1110 | D:7      | Killed a sky beast
  1110 | D:7      | Reached XP level 7. HP: 44/52 MP: 11/15
  1122 | D:7      | Reached skill level 7 in Unarmed Combat
  1136 | D:7      | Slain by a wight

Vault maps used:
D:1:      dpeg_arrival_tiny_a
D:2:      grunt_temple_overflow_forces_of_nature, minmay_misc_feat_square,
          uniq_jessica, uniq_sigmund, uniq_natasha
D:3:      cheibrodos_fertilizer, first_ration
D:4:      overflow_temple_1_default, minmay_temple_entry_nine_rooms,
          nicolae_ru_the_path_less_chosen
D:5:      serial_shops, shop, uniq_menkaure
D:6:      kennysheep_ying_yang, gammafunk_temple_overflow_arena, tgw_trog
D:7:      grunt_temple_overflow_magic_moments, basic_altar,
          uniq_crazy_yiuf_cottage

Skill      XL: |  1  2  3  4  5  6  7 |
---------------+----------------------+-----
Spellcasting   | 5 |  5.5
Invocations    | 1 2 |  2.6
Short Blades   | 1 2 |  2.3
Long Blades    | 1 2 |  2.3
Axes           | 1 2 |  2.3
Maces & Flails | 1 2 |  2.3
Polearms       | 1 2 |  2.3
Staves         | 1 2 |  2.3
Slings         | 1 2 |  2.3
Bows           | 1 2 |  2.3
Crossbows      | 1 2 |  2.3
Throwing       | 1 2 |  2.3
Armour         | 1 2 |  2.3
Stealth        | 1 2 |  2.3
Shields        | 1 2 |  2.3
Evocations     | 1 2 |  2.3
Conjurations   | 1 |  1.9
Hexes          | 1 |  1.9
Charms         | 1 |  1.9
Summonings     | 1 |  1.9
Necromancy     | 1 |  1.9
Translocations | 1 |  1.9
Fire Magic     | 1 |  1.9
Ice Magic      | 1 |  1.9
Air Magic      | 1 |  1.9
Earth Magic    | 1 |  1.9
Poison Magic   | 1 |  1.9
Fighting       | 3 |  3.5
Transmutations | 4 |  4.3
Dodging        | 5 |  5.2
Unarmed Combat | 7 |  7.0

Action                   |  1- 3 |  4- 6 |  7- 9 || total
-------------------------+-------+-------+-------++-------
Melee: Unarmed           |    55 |    51 |    15 ||   121
       Bite              |     3 |     1 |       ||     4
       Punch             |     3 |       |       ||     3
       Headbutt          |     2 |       |       ||     2
       Kick              |     4 |       |       ||     4
       Dagger            |       |     1 |     3 ||     4
 Cast: Beastly Appendage |    11 |       |       ||    11
       Sticks to Snakes  |     2 |     1 |     1 ||     4
       Spider Form       |     2 |    10 |       ||    12
  Use: Scroll            |       |     4 |       ||     4
       Potion            |       |     1 |       ||     1
 Stab: Sleeping          |       |     4 |       ||     4
Armor: Robe              |     2 |       |       ||     2
       Skin              |     2 |       |       ||     2
Dodge: Dodged            |    29 |    39 |    14 ||    82

Table legend:
 A = Spawn XP
 B = Non-spawn XP
 C = Spawn XP percentage of total XP
 D = Spawn monster count
 E = Non-spawn monster count
 F = Spawn count percentage of total count
 G = Total turns spent on level
                    A         B        C        D         E        F      G
               +---------+---------+-------+---------+---------+-------+---------
         Total |       0 |     818 |   0.0 |       0 |      41 |   0.0 |  1136
               +---------+---------+-------+---------+---------+-------+---------
           D:1 |       0 |      13 |   0.0 |       0 |       6 |   0.0 |   160
           D:2 |       0 |       2 |   0.0 |       0 |       1 |   0.0 |    65
           D:3 |       0 |      76 |   0.0 |       0 |      15 |   0.0 |   418
           D:5 |       0 |     302 |   0.0 |       0 |      11 |   0.0 |   183
           D:6 |       0 |      66 |   0.0 |       0 |       2 |   0.0 |   129
           D:7 |       0 |     359 |   0.0 |       0 |       6 |   0.0 |    86
               +---------+---------+-------+---------+---------+-------+---------

Table legend:
 A = Turns spent in this place as a percentage of turns spent in the entire game.
 B = Non-inter-level travel turns spent in this place as a percentage of non-inter-level travel turns spent in the entire game.
 C = Inter-level travel turns spent in this place as a percentage of turns spent in this place.
 D = Turns resting spent in this place as a percentage of non-inter-level travel turns spent in this place.
 E = Turns spent auto-exploring this place as a percentage of non-inter-level travel turns spent in this place.
 F = Non-inter-level travel turns spent in this place divided by the number of levels of this place that you've seen.
                   A       B       C       D       E      F
               +-------+-------+-------+-------+-------+----------------------
         Total | 100.0 | 100.0 |   0.0 |   0.0 |   0.0 | 162.3
       Dungeon | 100.0 | 100.0 |   0.0 |   0.0 |   0.0 | 162.3
               +-------+-------+-------+-------+-------+----------------------

Table legend:
 A = Kills in this place as a percentage of kills in entire the game.
 B = Kills by you in this place as a percentage of kills by you in the entire game.
 C = Kills by friends in this place as a percentage of kills by friends in the entire game.
 D = Other kills in this place as a percentage of other kills in the entire game.
 E = Experience gained in this place as a percentage of experience gained in the entire game.
 F = Experience gained in this place divided by the number of levels of this place that you have seen.
                   A       B       C       D       E      F
               +-------+-------+-------+-------+-------+----------------------
         Total | 100.0 | 100.0 |   N/A |   N/A | 100.0 | 116.9
       Dungeon | 100.0 | 100.0 |   N/A |   N/A | 100.0 | 116.9
               +-------+-------+-------+-------+-------+----------------------

Vault maps used:
D:1:      dpeg_arrival_tiny_a
D:2:      grunt_temple_overflow_forces_of_nature, minmay_misc_feat_square,
          uniq_jessica, uniq_sigmund, uniq_natasha
D:3:      cheibrodos_fertilizer, first_ration
D:4:      overflow_temple_1_default, minmay_temple_entry_nine_rooms,
          nicolae_ru_the_path_less_chosen
D:5:      serial_shops, shop, uniq_menkaure
D:6:      kennysheep_ying_yang, gammafunk_temple_overflow_arena, tgw_trog
D:7:      grunt_temple_overflow_magic_moments, basic_altar,
          uniq_crazy_yiuf_cottage
